 Dungeon Crawl Stone Soup version 0.18-a0-1577-gf591c28 (webtiles) character file.

101 M4edhros the Vexing (level 4, -1/42 HPs)
             Began as an Octopode Arcane Marksman on Mar 20, 2016.
             Succumbed to Ijyb's poison
             ... on level 2 of the Dungeon.
             The game lasted 00:02:05 (1582 turns).

M4edhros the Vexing (Octopode Arcane Marksman)      Turns: 1582, Time: 00:02:05

Health: -1/42      AC: 22    Str:  8 (10) XL:     4   Next: 75%
Magic:  5/5        EV:  2    Int: 14 (15) God:
Gold:   102        SH:  5    Dex: 16 (17) Spells: 1 memorised, 4 levels left

rFire  . . .     SeeInvis .     a - +0 hunting sling
rCold  . . .     Gourm    .     (no shield)
rNeg   + + +     Faith    .     (helmet currently unavailable)
rPois  +         Spirit   .     t - +5 amulet of reflection
rElec  .         Dismiss  .     (no ring)
rCorr  .         Reflect  +     (no ring)
SustAt .         Harm     .     (no ring)
MR     .....     NoTele   +     (no ring)
Stlth  ++........               (no ring)
                                (no ring)
                                (no ring)
                                (no ring)

@: agile, lethally poisoned (-1 -> -22), tree-form, not resistant to hostile
enchantments, unstealthy
A: almost no armour, (amphibious), 8 rings, (constrict 8), (camouflage 0),
(gelatinous body 0)
a: no special abilities


You were on level 2 of the Dungeon.
You were not hungry.
You were a tree.
You visited 1 branch of the dungeon, and saw 2 of its levels.

You collected 102 gold pieces.

Inventory:

Hand Weapons
 a - a +0 hunting sling (weapon)
Missiles
 c - 7 sling bullets (quivered)
 l - 87 stones
Jewellery
 t - a +5 amulet of reflection (around neck)
Scrolls
 e - a scroll of noise {unknown}
 f - a scroll of enchant weapon {unknown}
 j - a scroll of immolation {unknown}
 k - 2 scrolls of recharging {unknown}
 m - a scroll of fear {unknown}
 n - a scroll of magic mapping {unknown}
 o - a scroll of identify {unknown}
 q - a scroll of remove curse {unknown}
 s - a scroll of teleportation {unknown}
 u - a scroll of blinking {unknown}
Potions
 h - a potion of degeneration
 r - a potion of lignification
Books
 b - a book of Debilitation

   Spells                             Type                      Level
   a - Corona                         Hexes                        1
   b - Slow                           Hexes                        2
   c - Gell's Gravitas                Hexes/Translocation          3
   d - Inner Flame                    Hexes/Fire                   3
   e - Cause Fear                     Hexes                        4
   f - Leda's Liquefaction            Hexes/Earth                  4
Comestibles
 d - 2 bread rations
 g - 2 beef jerkies
 i - 2 meat rations


   Skills:
 - Level 1.0 Fighting
 - Level 2.0 Slings
 - Level 2.0 Dodging
 - Level 1.0 Spellcasting
 + Level 5.3 Hexes


You had 4 spell levels left.
You knew the following spells:

 Your Spells              Type           Power        Failure   Level  Hunger
a - Corona                Hex            ###....      2%          1    ##.....


Dungeon Overview and Level Annotations

Branches:
Dungeon (2/15)

Altars:
Elyvilon
Nemelex Xobeh
Yredelemnul


Innate Abilities, Weirdness & Mutations

You cannot wear most types of armour.
((You are amphibious.))
You can wear up to eight rings at the same time.
((You can use your tentacles to constrict eight enemies at once.))
((Your skin changes colour to match your surroundings (Stealth).))
((Your rubbery body absorbs attacks (AC +1).))


Message History

Ijyb is almost dead.
* * * LOW HITPOINT WARNING * * *
You feel sick. Ijyb completely misses you.
Firing (i - inventory. (,) - cycle):
c - 8 sling bullets (quivered)
Press: ? - help, Shift-Dir - straight line, f/p - Ijyb
Aim: Ijyb, wielding a dagger of venom and wearing a runed chain mail (almost dead)
You shoot a sling bullet. The sling bullet hits Ijyb.
You kill Ijyb!
You feel your dexterity returning.
* * * LOW HITPOINT WARNING * * *
You feel sick.
Firing (i - inventory. (,) - cycle):
c - 7 sling bullets (quivered)
Press: ? - help, Shift-Dir - straight line, f - you Really target yourself?
Okay, then.
Unknown command.
Drink which item? (? for menu, Esc to quit)
Okay, then.
You aren't carrying any items that can be evoked.
You die...

######.##.......#.##.#........#
#.......#.......#.##.###.####.#
#.......#####.###...†..# #.#
#........##...###.##...# #..
#.....)..##.......###.## ##.#
#..................#...#####...
#..............####..⌠.......⌠.
#..............# ##...#####...
########......♣# ##.## ##.#
#......)....##.# #.#
#......####.##.# #.# #...⌠.(#
#.# #.# #...._... #.# #.#
#...⌠.⌠..# ... ... #....(.#.#
.⌠. .⌠ #..((.. ...


There were no monsters in sight!

Vanquished Creatures
  Ijyb (D:2)
  2 adders (D:2)
  A worm (D:2)
  A dart slug (D:1)
  2 giant geckos (D:1)
  5 giant cockroaches
  3 goblins (D:1)
  5 hobgoblins
  A jackal (D:1)
  5 kobolds
  A quokka (D:2)
  A ball python (D:1)
  9 bats
  3 giant newts
  2 gnoll zombies (D:2)
  10 rats
52 creatures vanquished.

Notes
Turn   | Place    | Note
--------------------------------------------------------------
     0 | D:1      | M4edhros the Octopode Arcane Marksman began the quest for the Orb.
     0 | D:1      | Reached XP level 1. HP: 13/13 MP: 2/2
    74 | D:1      | Reached XP level 2. HP: 18/18 MP: 3/3
   282 | D:1      | Reached skill level 4 in Hexes
   293 | D:1      | Reached XP level 3. HP: 6/23 MP: 4/4
   971 | D:2      | Found a white marble altar of Elyvilon.
  1223 | D:2      | Found a basalt altar of Yredelemnul.
  1270 | D:2      | Reached XP level 4. HP: 20/28 MP: 5/5
  1446 | D:2      | Reached skill level 5 in Hexes
  1506 | D:2      | Found a sparkling altar of Nemelex Xobeh.
  1559 | D:2      | Noticed Ijyb
  1581 | D:2      | Killed Ijyb
  1581 | D:2      | HP: 1/42 [poisoned by Ijyb]
  1582 | D:2      | Succumbed to Ijyb's poison

Vault maps used:
D:1:      evilmike_arrival_hilbert_curve, nrook_uturn, minmay_misc_feat_tiny,
          st_stairs_3, minmay_strange_pillars, grunt_decor_one_mirror,
          minmay_bisected
D:2:      elyvilon_altar_4, lemuel_zombie_altar_yredelemnul,
          nemelex_xobeh_ov_fountains_minmay, minmay_misc_feat_tower,
          minmay_crystal_room, uniq_jessica, uniq_iyjb

Skill      XL: |  1  2  3  4 |
---------------+-------------+-----
Hexes          | 4 5 |  5.3
Fighting       | |  1.0
Slings         | |  2.0
Dodging        | |  2.0
Spellcasting   | |  1.0

Action                   |  1- 3 |  4- 6 || total
-------------------------+-------+-------++-------
Melee: Unarmed           |    11 |       ||    11
       Hunting sling     |       |     3 ||     3
 Fire: Hunting sling     |    98 |    61 ||   159
  Use: Potion            |       |     3 ||     3
  Eat: Chunk             |       |     2 ||     2
